 Dungeon Crawl Stone Soup version 0.25-a0-781-gc44aebf4fe (webtiles) character file.

Game seed: 9108580669354218895, levelgen mode: classic

1985033 EnegeticOcto the Crack Shot (level 27, 212/212 HPs)
             Began as a Gargoyle Wanderer on Apr 15, 2020.
             Was the Champion of Nemelex Xobeh.
             Escaped with the Orb
             ... and 4 runes on Apr 16, 2020!
             The game lasted 04:17:18 (99273 turns).

EnegeticOcto the Crack Shot (Gargoyle Wanderer)    Turns: 99273, Time: 04:17:18

Health: 212/212    AC: 56    Str: 19    XL:     27
Magic:  37/37      EV: 18    Int: 17    God:    Nemelex Xobeh [******]
Gold:   1725       SH:  0    Dex: 13    Spells: 25/46 levels left

rFire    + + .     SeeInvis +   a - +9 longbow (freeze)
rCold    + . .     Gourm    .   (shield currently unavailable)
rNeg     + . .     Faith    .   P - +8 fire dragon scales
rPois    ∞         Spirit   +   o - +2 helmet {SInv}
rElec    +         Reflect  .   q - scarf {repulsion}
rCorr    .         Harm     .   M - +2 pair of gloves {archery}
MR       +++..     Clarity  +   s - +2 pair of boots
Stlth    ++........             m - amulet of guardian spirit
HPRegen  0.45/turn              t - ring "Muother" {Wiz +Inv +Fly Dex-4}
MPRegen  0.25/turn              x - ring of Kotou {rElec rC++ MR+ Slay-4 Stlth+, =R}

@: repel missiles
A: big wings, clarity, clever 1, negative energy resistance 1, robust 1,
electricity resistance, unbreathing, petrification resistance, rot immunity,
subdued magic 1, AC +20
0: Orb of Zot
}: 4/15 runes: serpentine, barnacled, slimy, silver
a: Fly, Draw Escape, Draw Destruction, Draw Summoning, Draw Stack, Triple Draw,
Deal Four, Stack Five, Renounce Religion, Evoke Invisibility, Evoke Flight


You escaped.
You worshipped Nemelex Xobeh.
Nemelex Xobeh was exalted by your worship.
You were very full.

You visited 11 branches of the dungeon, and saw 57 of its levels.
You visited 2 bazaars.
You also visited: Sewer and Gauntlet.

You collected 10634 gold pieces.
You spent 8909 gold pieces at shops.

Inventory:

Hand Weapons
 a - a +9 longbow of freezing (weapon)
 z - a +1 dagger of distortion
Missiles
 i - 951 arrows (quivered)
 v - 16 throwing nets {!f}
Armour
 h - the +6 scale mail of the Nightingale {MR+ Slay+2 Stlth+}
   (You took it off an orc warlord on level 3 of the Elven Halls)

   It affects your accuracy and damage with ranged weapons and melee attacks
   (+2).
   It affects your resistance to hostile enchantments.
   It makes you more stealthy.
 o - a +2 helmet of see invisible (worn)
 q - a scarf of repulsion (worn)
 s - a +2 pair of boots (worn)
 M - a +2 pair of gloves of archery (worn)
 P - +8 fire dragon scales (worn)
Magical Staves
 X - an uncursed staff of wizardry
Jewellery
 m - an amulet of guardian spirit (around neck)
 t - the ring "Muother" (left hand) {Wiz +Inv +Fly Dex-4}
   (You found it on level 6 of the Dungeon)

   [ring of wizardry]

   It improves your spell success rate.
   It affects your dexterity (-4).
   It lets you turn invisible.
   It lets you fly.
 x - the ring of Kotou (right hand) {rElec rC++ MR+ Slay-4 Stlth+, =R}
   (You found it on level 12 of the Dungeon)

   [ring of protection from magic]

   It affects your accuracy and damage with ranged weapons and melee attacks
   (-4).
   It greatly protects you from cold.
   It insulates you from electricity.
   It affects your resistance to hostile enchantments.
   It makes you more stealthy.
 W - an uncursed ring of resist corrosion
Wands
 A - a wand of iceblast (50) {@v2}
 D - a wand of digging (21) {@v3}
 G - a wand of disintegration (18)
 H - a wand of clouds (3)
 I - a wand of paralysis (25)
 K - a wand of polymorph (46)
 L - a wand of enslavement (15)
 Z - a wand of scattershot (5)
Scrolls
 c - 16 scrolls of fog {!r}
 d - 4 scrolls of summoning
 l - 13 scrolls of blinking {@r4}
 n - 7 scrolls of identify {@r1}
 r - 5 scrolls of magic mapping {@r5 !r}
 y - 4 scrolls of silence
 F - 2 scrolls of immolation
 O - 25 scrolls of teleportation {@r3 !r}
 Q - 4 scrolls of vulnerability
 T - 2 scrolls of holy word
 U - 9 scrolls of fear {!r}
Potions
 f - 9 potions of resistance
 g - 7 potions of might {@q3 !q}
 p - 4 potions of haste {@q4 !q}
 u - 3 potions of invisibility
 B - 12 potions of curing {@q1 !q}
 C - 3 potions of cancellation
 E - 4 potions of mutation
 J - 5 potions of berserk rage
 N - 9 potions of ambrosia
 R - 6 potions of lignification {@q6}
 S - 10 potions of heal wounds {@q2 !q}
 Y - 4 potions of magic
Miscellaneous
 b - 3 boxes of beasts
 j - a phial of floods
 V - 5 phantom mirrors
Comestibles
 e - 31 rations


   Skills:
 + Level 25.5 Fighting
 - Level 5.5(5.6) Short Blades
   Level 1.7(3.9) Long Blades
 * Level 25.8 Bows
 - Level 1.7 Throwing
 - Level 20.5 Armour
 - Level 15.8 Dodging
 - Level 10.0 Stealth
 - Level 10.0 Spellcasting
 - Level 14.6 Translocations
 - Level 18.5 Invocations
 - Level 10.0 Evocations


You had 25 spell levels left.
You knew the following spells:

 Your Spells              Type           Power        Failure   Level  Hunger
a - Apportation           Tloc           #####.       0%          1    None
b - Summon Lightning Spi  Summ/Air       #.......     52%         4    ###....
c - Portal Projectile     Hex/Tloc       ####..       1%          3    None
d - Dispersal             Tloc           #####.....   2%          6    ######.
p - Passwall              Tmut/Erth      #.......     9%          2    None
O - Summon Butterflies    Summ           #.......     6%          1    None
V - Swiftness             Chrm/Air       #.......     9%          2    None
Y - Blink                 Tloc           N/A          1%          2    None

Your spell library contained the following spells:

 Spells                   Type           Power        Failure   Level  Hunger
 Shroud of Golubria       Chrm/Tloc      ####..       1%          2    None
 Gell's Gravitas          Tloc           #####.....   1%          3    None
 Lesser Beckoning         Tloc           #####.....   1%          3    None
 Teleport Other           Tloc           #####...     1%          3    None
 Animate Skeleton         Necr           N/A          6%          1    None
 Corona                   Hex            #......      6%          1    None
 Freeze                   Ice            #...         6%          1    None
 Infusion                 Chrm           #...         6%          1    None
 Magic Dart               Conj           #...         6%          1    None
 Pain                     Necr           #...         6%          1    None
 Sandblast                Erth           #.....       6%          1    None
 Sting                    Tmut/Pois      #...         6%          1    None
 Summon Small Mammal      Summ           #...         6%          1    None
 Call Imp                 Summ           #.......     9%          2    None
 Corpse Rot               Necr/Air       N/A          9%          2    None
 Ensorcelled Hibernation  Hex/Ice        #.....       9%          2    None
 Poisonous Vapours        Pois/Air       #.....       9%          2    None
 Slow                     Hex            #.......     9%          2    None
 Song of Slaying          Chrm           #.......     9%          2    None
 Summon Forest            Summ/Tloc      ####......   9%          5    #####..
 Call Canine Familiar     Summ           #.......     19%         3    None
 Confusing Touch          Hex            #.......     19%         3    None
 Conjure Flame            Conj/Fire      #.......     19%         3    None
 Dazzling Flash           Conj/Hex       #.....       19%         3    None
 Frozen Ramparts          Ice            #.....       19%         3    None
 Ignite Poison            Fire/Tmut/Pois #.......     19%         3    None
 Mephitic Cloud           Conj/Pois/Air  #.......     19%         3    None
 Ozocubu's Armour         Chrm/Ice       #.......     19%         3    None
 Spectral Weapon          Hex/Chrm       #.......     19%         3    None
 Stone Arrow              Conj/Erth      #.....       19%         3    None
 Summon Guardian Golem    Hex/Summ       #.......     19%         3    None
 Tukima's Dance           Hex            #.......     19%         3    None
 Vampiric Draining        Necr           #.........   19%         3    None
 Animate Dead             Necr           N/A          52%         4    ###....
 Hailstorm                Conj/Ice       #.......     52%         4    ###....
 Ice Form                 Ice/Tmut       #.......     52%         4    ###....
 Leda's Liquefaction      Hex/Erth       #.........   52%         4    ###....
 Olgreb's Toxic Radiance  Pois           #.......     52%         4    ###....
 Petrify                  Tmut/Erth      #.......     52%         4    ###....
 Sticky Flame             Conj/Fire      #.......     52%         4    ###....
 Summon Ice Beast         Ice/Summ       #.......     52%         4    ###....
 Controlled Blink         Tloc           N/A          69%         8    #######
 Disjunction              Tloc           #####.....   69%         8    #######
 Agony                    Necr           #.......     85%         5    #####..
 Alistair's Intoxication  Tmut/Pois      #.......     85%         5    #####..
 Bolt of Magma            Conj/Fire/Erth #.........   85%         5    #####..
 Borgnjor's Vile Clutch   Necr/Erth      #.........   85%         5    #####..
 Excruciating Wounds      Chrm/Necr      #.........   85%         5    #####..
 Fireball                 Conj/Fire      #.........   85%         5    #####..
 Irradiate                Conj/Tmut      #.........   85%         5    #####..
 Iskenderun's Battlesphe  Conj/Chrm      #.......     85%         5    #####..
 Lee's Rapid Deconstruct  Erth           #.........   85%         5    #####..
 Metabolic Englaciation   Hex/Ice        #.........   85%         5    #####..
 Yara's Violent Unravell  Hex/Tmut       #.........   85%         5    #####..
 Darkness                 Hex            #.........   100%        6    ######.
 Death Channel            Necr           #.........   100%        6    ######.
 Eringya's Noxious Bog    Tmut/Pois      #.........   100%        6    ######.
 Freezing Cloud           Conj/Ice/Air   #.........   100%        6    ######.
 Hydra Form               Tmut           #.........   100%        6    ######.
 Invisibility             Hex            #.......     100%        6    ######.
 Iron Shot                Conj/Erth      #.........   100%        6    ######.
 Ozocubu's Refrigeration  Ice            #.........   100%        6    ######.
 Simulacrum               Ice/Necr       #.........   100%        6    ######.
 Dragon Form              Tmut           #.........   100%        7    #######
 Ring of Flames           Chrm/Fire      #.........   100%        7    #######
 Summon Hydra             Summ           #.........   100%        7    #######
 Shatter                  Erth           #.........   100%        9    #######
 Passage of Golubria      Tloc           Unusable     N/A         4    N/A
 Sublimation of Blood     Necr           Unusable     N/A         2    N/A
 Statue Form              Tmut/Erth      Unusable     N/A         6    N/A

Dungeon Overview and Level Annotations

Branches:
Dungeon (15/15)            Temple (0/1) D:7            Lair (6/6) D:9
 Shoals (4/4) Lair:3        Snake (4/4) Lair:4        Slime (5/5) Lair:5
    Orc (2/2) D:12            Elf (3/3) Orc:2        Vaults (5/5) D:14
  Crypt (3/3) Vaults:2       Tomb (0/3) Crypt:3      Depths (5/5) D:15
    Zot (5/5) Depths:5      Sewer (visited)         Gauntlet (visited)

Altars:
Ashenzari
Cheibriados
Fedhas
Gozag
Hepliaklqana
Kikubaaqudgha
Makhleb
Nemelex Xobeh
Okawaru
Ru
Sif Muna
Trog
Yredelemnul
The Shining One
Beogh
Jiyva

Shops:
D:4 :   D:5 ?   D:9 ?   Orc:2 (**=:   Elf:1 %   Shoals:2 !   Snake:2 =}}*
Snake:4 =*[=   Vaults:1 %   Vaults:2 *   Vaults:3 *   Depths:2 [=(:
Depths:3 **

Portals:
Hell: Depths:1 Depths:2 Depths:3 Depths:4 Depths:5
Abyss: Depths:4
Pandemonium: Depths:3
Ziggurat: Depths:2

Annotations:
Slime:4 1 exclusion
Elf:2 3 runed translucent doors
Vaults:5 1 exclusion
Zot:2 3 runed translucent doors, Licye's ghost, legendary MfTm


Innate Abilities, Weirdness & Mutations

You are resistant to torment.
Your stone body is resilient. (AC +20)
You are immune to poison.
Your large and strong wings let you fly indefinitely.
You resist negative energy. (rN+)
You are resistant to electric shocks. (rElec)
You can survive without breathing.
You are immune to petrification.
You are immune to rotting.
You possess an exceptional clarity of mind.
Your mind is acute. (Int +2)
You are robust. (+10% HP)
Your spells are a little easier to cast, but a little less powerful.


Message History

Firing (i - inventory. (/) - cycle)
i - 952 arrows (quivered)
Press: ? - help, Shift-Dir - straight line, f - neqoxec
Aim: a neqoxec You shoot an arrow.
The arrow hits the neqoxec!!!
The arrow freezes the neqoxec!
You kill the neqoxec!
There is a stone staircase leading up here.
Unknown command.
(D) Dungeon (T) Temple (L) Lair (A) Shoals (P) Snake Pit (M) Slime Pits (O) Orcish Mines (E) Elven Halls (V) Vaults (C) Crypt (W) Tomb (U) Depths (H) Hell (Z) Zot
Where to? (Enter - D:1 @ (x,y), ? - help)
You climb upwards.
There is a stone staircase leading down here.
There is a stone staircase leading up here.
You climb upwards.
There is a stone staircase leading down here.
There is a stone staircase leading up here.
You climb upwards.
There is a stone staircase leading down here. 2 demonic crawlers come into view.
You see here a cursed -3 mace.
Things that are here:
a +0 robe; a +0 dagger A monstrous demonspawn comes into view.
The demonic crawler gives a hideous shriek!
The demonic crawler barely misses you.
The demonic crawler hits you but does no damage.
The demonic crawler completely misses you.
Really attack while wielding your +9 longbow of freezing?
Okay, then.
The demonic crawler hits you but does no damage. x2
The demonic crawler completely misses you.
The demonic crawler hits you but does no damage.
The demonic crawler misses you.
The demonic crawler hits you but does no damage.
An Executioner comes into view.
The monstrous demonspawn barely misses you.
The monstrous demonspawn closely misses you.
The monstrous demonspawn gores you but does no damage.
The demonic crawler hits you. The demonic crawler barely misses you.
The demonic crawler hits you but does no damage.
There is a stone staircase leading up here.
The demonic crawler misses you.
The demonic crawler hits you but does no damage. x2
The monstrous demonspawn misses you.
The monstrous demonspawn claws you but does no damage.
The monstrous demonspawn completely misses you.
The demonic crawler hits you but does no damage. x3
The demonic crawler misses you.
The demonic crawler hits you but does no damage. x2
The Executioner hits you but does no damage.
The Executioner misses you.
The Executioner hits you but does no damage.
You climb upwards.
There is a stone staircase leading down here.
The demonic crawler hits you but does no damage.
The demonic crawler closely misses you.
The demonic crawler hits you but does no damage.
The demonic crawler hits you.
The demonic crawler closely misses you. x2
The demonic crawler misses you.
The demonic crawler hits you but does no damage.
The demonic crawler misses you.
The demonic crawler hits you but does no damage.
The demonic crawler misses you. The demonic crawler barely misses you.
Evoke which item? (* to show all) (? for menu, Esc to quit)
Aiming: Paralyse
Press: ? - help, Shift-Dir - straight line, f - monstrous demonspawn
Aim: a monstrous demonspawn, wearing a +0 chain mail (chance to defeat MR: 55%)
The monstrous demonspawn suddenly stops moving!
(D) Dungeon (T) Temple (L) Lair (A) Shoals (P) Snake Pit (M) Slime Pits (O) Orcish Mines (E) Elven Halls (V) Vaults (C) Crypt (W) Tomb (U) Depths (H) Hell (Z) Zot
Where to? (Enter - D:1 @ (x,y), ? - help)
You see here a +0 falchion.
Things that are here:
a +0 leather armour; a cursed +0 flail
Things that are here:
a +1 robe of cold resistance; a +0 dagger
There is a stone staircase leading up here.
You climb upwards.
There is a stone staircase leading down here.
There is a stone staircase leading up here.
You climb upwards.
There is a stone staircase leading down here.
There is a stone staircase leading up here.
You climb upwards.
A balrug and a sun demon come into view.
The balrug is wielding a +1 demon whip of venom.
There is a stone staircase leading down here.
Evoke which item? (* to show all) (? for menu, Esc to quit)
Aiming: Dig
Press: ? - help, Shift-Dir - straight line A rock wall.
This square is covered in magical glow.
The rock shatters into small pieces.
There is a staircase leading out of the dungeon here.
You have escaped!

......####.#.#
...........#.#####
.#....###........#
#####..#....2###.#
...###...##..# #.###
##...........#
#...#########
.####.##.###3#
###.........# .#
#.##.....#######.......#
.#
#.###....#.3@..#.......#
.# #.#
#...>..............#
.####.#
#....#.###.#.......#
.#....#
#....#8)''8#.......#
...####
#....###.###.#######
.....# ###### #..)..#
.....# ########.#####
.....####........#
..........########


You could see a sun demon.

Vanquished Creatures
  the Royal Jelly (Slime:5)
  Dissolution (Slime:3)
  9 ancient liches
  5 orbs of fire (Zot:5)
  2 juggernauts (Depths:2)
  Mara (Shoals:3)
  Sojobo (Vaults:3)
  4 Killer Klowns (Zot:5)
  3 caustic shrikes (Depths:5)
  Saint Roka (Snake:2)
  3 curse toes
  12 golden dragons
  Nikola (Snake:1)
  2 electric golems (Zot:5)
  3 bone dragons
  23 Orb Guardians (Zot:5)
  Asterion (Vaults:3)
  7 tentacled monstrosities
  Jorgrun (Snake:1)
  5 liches
  2 deep elf blademasters (Elf:3)
  2 quicksilver dragons
  8 titans
  2 deep elf master archers (Elf:3)
  20 acid blobs
  A kraken (Shoals:4)
  4 death cobs
  Gastronok (D:12)
  The ghost of Sphara the Deadly Accurate, an adept DrMo of Ashenzari (Elf:3)
  6 sphinxes
  15 shadow dragons
  12 tengu reavers
  2 draconian monks
  9 ancient champions
  7 storm dragons
  8 nagarajas
  5 azure jellies
  14 frost giants
  3 iron dragons
  An orc warlord (Elf:3)
  Aizul (Lair:4)
  A balrug (Depths:5)
  2 draconian knights
  16 vault wardens
  9 deep elf sorcerers
  A draconian scorcher (Depths:5)
  7 fire giants
  An emperor scorpion (shapeshifter) (Depths:2)
  3 draconian stormcallers
  A curse skull (Crypt:2)
  4 draconian shifters
  A spriggan defender (Depths:3)
  A reaper (Crypt:3)
  6 deep elf elementalists
  11 ironheart preservers
  Louise (D:15)
  2 draconian annihilators
  8 caustic shrike skeletons
  10 ghouls
  31 very ugly things
  25 stone giants
  3 black draconians
  9 deep elf demonologists
  11 deep elf annihilators
  7 vampire knights
  2 minotaurs
  3 spark wasps
  2 dire elephants (Lair:6)
  5 green draconians
  5 white draconians
  A minotaur (shapeshifter) (Vaults:5)
  A red draconian (Zot:4)
  3 yellow draconians
  9 purple draconians
  15 ettins
  16 deep elf death magi
  A blizzard demon (Depths:3)
  7 eidola
  23 yaktaur captains
  A merfolk javelineer (Shoals:3)
  A death ooze (Slime:5)
  6 rakshasas
  2 quicksilver dragon zombies
  7 merfolk impalers
  6 deep elf high priests
  Josephine (Lair:6)
  4 jiangshi
  13 fire dragons
  9 ice dragons
  10 great orbs of eyes
  18 naga warriors
  A catoblepas (Zot:5)
  23 vault guards (Vaults:5)
  A monstrous demonspawn (Depths:3)
  A quicksilver dragon skeleton (Depths:4)
  The ghost of Hajin the Destroyer, a journeyman DrCj of Vehumet (D:12)
  5 spriggan air magi
  8 hydras
  A caustic shrike simulacrum (Elf:2)
  A merfolk avatar (Lair:6)
  42 two-headed ogres
  10 centaur warriors
  6 merfolk aquamancers
  12 ogre magi
  3 ghost crabs (Elf:2)
  An alligator (shapeshifter) (Vaults:5)
  5 alligator snapping turtles
  21 anacondas
  3 satyrs
  8 death knights
  9 deep troll shamans
  6 death yaks
  13 dancing weapons
  6 tengu warriors
  7 deep troll earth magi
  3 vampire magi
  8 naga sharpshooters
  9 spriggan berserkers
  9 titan skeletons
  2 sun demons (Depths:5)
  A soul eater (Depths:3)
  Sonja (Orc:1)
  18 deep elf knights
  Nergalle (Lair:4)
  A fire crab (Gauntlet)
  7 shock serpents
  41 skeletal warriors
  4 hell knights (Depths:1)
  3 shadow wraiths
  6 iron trolls
  20 sea snakes
  A sixfirhy (Gauntlet)
  2 spark wasp zombies
  23 deep trolls
  A deep troll (shapeshifter) (Vaults:5)
  A quicksilver dragon simulacrum (Elf:2)
  9 unseen horrors
  3 salamander mystics
  8 flayed ghosts
  3 storm dragon skeletons
  6 naga ritualists
  2 glowing orange brains
  6 wizards
  19 deep elf archers
  A shadow demon (Depths:1)
  Pikel (D:5)
  A swamp dragon (shapeshifter) (Vaults:3)
  7 golden dragon skeletons
  A shadow dragon zombie (Crypt:1)
  An anaconda skeleton (Crypt:1)
  17 ironbrand convokers
  13 phantasmal warriors
  An orange crystal statue (Depths:2)
  12 necromancers
  An orb spider (Snake:1)
  A lindwurm (shapeshifter) (Elf:3)
  19 orc knights
  19 harpies
  63 deep elf magi
  48 ugly things
  13 fauns
  9 mana vipers
  5 orc sorcerers
  A shadow dragon skeleton (Crypt:3)
  A cyclops (shapeshifter) (Depths:4)
  3 wolf spiders
  17 manticores
  An orb spider (shapeshifter) (Vaults:5)
  5 tengu skeletons (Depths:4)
  A fire giant zombie (Vaults:5)
  6 shining eyes
  10 salamanders
  2 oklob plants (Lair:3)
  An iron dragon skeleton (Depths:4)
  2 shining eyes (shapeshifter)
  A stone giant zombie (Vaults:4)
  2 elephants (Lair:6)
  8 cyclopes
  A toenail golem (D:14)
  11 moths of wrath
  A dire elephant zombie (Crypt:3)
  7 merfolk sirens
  3 stone giant skeletons
  Psyche (D:9)
  A black mamba (shapeshifter) (D:15)
  A water nymph (shapeshifter) (Depths:5)
  18 naga magi
  A fire giant skeleton (Depths:2)
  38 black mambas
  11 vault sentinels
  4 water nymphs
  2 torpor snails
  A catoblepas zombie (Crypt:1)
  6 frost giant skeletons
  4 eyes of devastation
  5 spectral swamp worms (Depths:2)
  12 guardian serpents
  2 gargoyles
  7 spiny frogs
  A yaktaur zombie (Vaults:5)
  A kobold demonologist (D:15)
  A minotaur zombie (Crypt:3)
  11 rime drakes
  An efreet (D:14)
  A spriggan zombie (Depths:2)
  9 komodo dragons
  8 freezing wraiths
  Maggie (D:7)
  A grey draconian skeleton (Crypt:2)
  A yaktaur skeleton (Depths:1)
  A komodo dragon (shapeshifter) (Depths:3)
  A hydra zombie (Crypt:1)
  6 tengu conjurers
  48 yaktaurs
  A yaktaur (shapeshifter) (Vaults:3)
  A green draconian skeleton (Crypt:1)
  4 trolls
  A golden dragon simulacrum (Elf:2)
  2 jumping spiders (shapeshifter)
  2 polar bears
  2 spriggan skeletons
  34 merfolk
  A tengu simulacrum (Vaults:5)
  A death drake zombie (Crypt:2)
  4 wind drakes
  9 hornets
  3 dream sheep (Shoals:4)
  7 bog bodies
  68 slime creatures
  An ettin zombie (Depths:2)
  2 hydra skeletons (Crypt:3)
  12 hippogriffs
  A meliai zombie (D:15)
  6 snapping turtles
  2 air elementals (Elf:3)
  A hippogriff (shapeshifter) (Depths:4)
  10 wraiths
  A redback (shapeshifter) (Elf:2)
  3 shadows
  10 flying skulls (Depths:4)
  A stone giant simulacrum (Vaults:4)
  10 spriggans
  26 water elementals
  A ynoxinul (Depths:3)
  An alligator skeleton (Crypt:1)
  3 fire bats (Gauntlet)
  A tarantella (Elf:1)
  60 yaks
  12 wyverns
  A hog (shapeshifter) (Vaults:2)
  4 basilisks
  12 golden eyes
  A golden eye (shapeshifter) (Vaults:5)
  3 fire elementals
  4 hungry ghosts
  A yaktaur simulacrum (Vaults:2)
  A neqoxec (D:8)
  A chaos spawn (Depths:3)
  Edmund (D:5)
  4 wargs
  Menkaure (D:5)
  4 acid dragons
  A torturous demonspawn zombie (Crypt:1)
  52 nagas
  12 water moccasins
  A hell hound (Gauntlet)
  3 floating eyes
  A water moccasin (shapeshifter) (Depths:3)
  A porcupine (shapeshifter) (Vaults:5)
  A hornet zombie (D:13)
  4 ice beasts
  7 porcupines
  A water nymph skeleton (Crypt:3)
  A gelid demonspawn skeleton (Crypt:2)
  50 orc warriors
  An ice beast (shapeshifter) (Vaults:4)
  A sky beast (D:13)
  8 eyes of draining
  3 phantoms
  A snapping turtle zombie (Crypt:2)
  A black bear (shapeshifter) (Vaults:4)
  4 black bears
  8 necrophages
  A slave (D:5)
  3 wolves (Lair:4)
  4 boggarts (Vaults:3)
  30 ogres
  25 centaurs
  8 crocodiles
  A crocodile (shapeshifter) (Vaults:5)
  A manticore skeleton (Crypt:3)
  2 snapping turtle skeletons (Crypt:3)
  Blork the orc (D:6)
  2 big kobolds
  A hog skeleton (Crypt:3)
  A cyclops zombie (Crypt:2)
  6 earth elementals
  A wyvern zombie (D:13)
  3 small abominations (Elf:2)
  21 bullfrogs
  5 elf skeletons
  A komodo dragon skeleton (Crypt:2)
  A queen bee zombie (Crypt:3)
  5 scorpions
  A water moccasin skeleton (D:6)
  A troll skeleton (D:15)
  34 wights
  6 howler monkeys
  3 electric eels
  14 crimson imps
  5 centaur zombies
  A human simulacrum (Vaults:1)
  A quasit (D:11)
  A demonspawn zombie (Crypt:3)
  22 orc priests
  2 bullfrog skeletons
  7 hounds
  17 jellies
  17 orc wizards
  5 centaur skeletons
  7 hell rats
  4 human zombies
  A human skeleton (D:15)
  7 iguanas
  Natasha (thrice) (D:2)
  7 worker ants
  A porcupine skeleton (Crypt:1)
  A killer bee zombie (D:9)
  A deep dwarf zombie (Crypt:2)
  A dwarf skeleton (Crypt:3)
  An ogre skeleton (Crypt:1)
  2 mummies (D:15)
  2 worker ant zombies
  A howler monkey skeleton (D:8)
  17 adders
  4 shadow imps
  2 ufetubi (Gauntlet)
  12 oozes
  2 adder skeletons (D:9)
  An adder zombie (D:6)
  5 worms (D:2)
  2 dart slugs
  15 leopard geckos
  103 orcs
  16 ball pythons
  3 bats
  A bat skeleton (Crypt:1)
  18 giant cockroaches
  5 goblins
  7 hobgoblins
  7 jackals
  5 quokkas
  10 frilled lizards
  A frilled lizard skeleton (Crypt:1)
  A giant cockroach zombie (Crypt:1)
  12 kobolds
  A kobold skeleton (Crypt:3)
  2 orc zombies (D:15)
  A quokka skeleton (D:5)
  A quokka zombie (D:7)
  13 rats
  A rat skeleton (Crypt:3)
  A river rat zombie (Crypt:3)
  2 crawling corpses (Elf:3)
  A fire vortex (Depths:4)
  2 fungi (Lair:4)
  3 tentacles (Shoals:4)
2567 creatures vanquished.

Vanquished Creatures (collateral kills)
  2 ancient liches
  4 juggernauts
  A golden dragon (Depths:2)
  2 liches
  2 tentacled monstrosities
  A quicksilver dragon (Depths:2)
  Kirke (Lair:5)
  The ghost of Majang the Severer, a journeyman HOFi of Makhleb (Lair:6)
  2 minotaurs
  A merfolk javelineer (Shoals:4)
  A death ooze (Slime:5)
  A vault guard (Vaults:5)
  A merfolk avatar (Shoals:4)
  Harold (D:8)
  A spriggan air mage (Depths:5)
  A merfolk aquamancer (Shoals:4)
  A death yak (Lair:4)
  A tengu warrior (Elf:3)
  A flayed ghost (Depths:2)
  A deep elf archer (Elf:3)
  3 ugly things (Depths:3)
  A faun (Shoals:4)
  A gargoyle (D:12)
  A yaktaur (Depths:2)
  2 slime creatures (Slime:3)
35 creatures vanquished.

Vanquished Creatures (others)
  A fire giant (Depths:3)
  An ogre mage (Vaults:3)
  A wolf spider zombie (D:15)
  An ugly thing (D:14)
  A yaktaur (Vaults:5)
  A hornet (Depths:5)
  A naga (Snake:4)
  4 humans
  A worker ant (D:14)
  An orc (Orc:1)
  A goblin (Orc:2)
  6 demonic plants (Gauntlet)
  9 fungi
  33 plants
  4 tentacles (Shoals:4)
66 creatures vanquished.

Grand Total: 2668 creatures vanquished

Notes
Turn   | Place    | Note
-------+----------+-------------------------------------------
     0 | D:1      | EnegeticOcto the Gargoyle Wanderer began the quest for the
                  | Orb.
     0 | D:1      | EnegeticOcto set off with the following items: a +2 dagger,
                  | a curare-tipped dart, a +0 falchion, a scroll of
                  | teleportation {@r3 !r}, a ration, a +0 robe
     0 | D:1      | Reached XP level 1. HP: 14/14 MP: 1/1
   390 | D:1      | Reached XP level 2. HP: 9/20 MP: 2/2
  1343 | D:1      | Reached XP level 3. HP: 24/24 MP: 3/3
  1484 | D:2      | Found a bloodstained altar of Trog.
  1682 | D:2      | Noticed Natasha
  1694 | D:2      | Killed Natasha
  1694 | D:2      | Reached XP level 4. HP: 28/30 MP: 4/4
  1739 | D:2      | Found a blossoming altar of Fedhas.
  1739 | D:2      | Found a burning altar of Makhleb.
  2014 | D:2      | Noticed Natasha
  2049 | D:2      | Killed Natasha
  2049 | D:2      | Reached skill level 5 in Fighting
  2656 | D:2      | Noticed Natasha
  2667 | D:2      | Killed Natasha
  2667 | D:2      | Reached skill level 5 in Stealth
  2667 | D:2      | Reached XP level 5. HP: 31/35 MP: 5/5
  3257 | D:3      | Found a glowing drain.
  3267 | Sewer    | Entered a sewer
  3372 | Sewer    | Reached XP level 6. HP: 40/40 MP: 6/6
  4538 | Sewer    | Reached skill level 1 in Armour
  4538 | Sewer    | Reached skill level 1 in Dodging
  4565 | Sewer    | Reached XP level 7. HP: 41/44 MP: 7/7
  5082 | D:3      | Found a faded altar of an unknown god.
  5415 | D:4      | Found Inizetey's Book Shoppe.
  5553 | D:4      | Found a shimmering blue altar of Sif Muna.
  5898 | D:4      | Reached skill level 1 in Short Blades
  6663 | D:5      | Entered Level 5 of the Dungeon
  6700 | D:5      | Reached XP level 8. HP: 41/49 MP: 8/8
  6949 | D:5      | Noticed Menkaure
  6957 | D:5      | Killed Menkaure
  7173 | D:5      | Found an iron altar of Okawaru.
  7255 | D:5      | Reached skill level 1 in Evocations
  7488 | D:5      | Found Liter's Magic Scroll Shoppe.
  7498 | D:5      | Bought a scroll of silence for 90 gold pieces
  7498 | D:5      | Bought a scroll of blinking for 90 gold pieces
  7579 | D:5      | Found a blossoming altar of Fedhas.
  7595 | D:5      | Noticed Pikel
  7630 | D:5      | Killed Pikel
  7630 | D:5      | Reached skill level 5 in Short Blades
  7630 | D:5      | Reached XP level 9. HP: 48/54 MP: 9/11
  7688 | D:6      | Noticed Edmund
  7688 | D:6      | Noticed Blork the orc
  7725 | D:5      | Killed Edmund
  7786 | D:6      | Killed Blork the orc
  7932 | D:6      | Found a glowing golden altar of the Shining One.
  7937 | D:6      | Got a bound jade ring
  7980 | D:6      | Found a sparkling altar of Nemelex Xobeh.
  7983 | D:6      | Became a worshipper of Nemelex Xobeh the Trickster
  8267 | D:6      | Received a gift from Nemelex Xobeh
  8270 | D:6      | Identified the ring "Muother" {Wiz +Inv +Fly Dex-4} (You
                  | found it on level 6 of the Dungeon)
  8418 | D:6      | Reached skill level 1 in Invocations
  9810 | D:7      | Got a dazzling ring mail
 10143 | D:7      | Reached * piety under Nemelex Xobeh
 10143 | D:7      | Received a gift from Nemelex Xobeh
 10314 | D:7      | Noticed Maggie
 10457 | D:7      | Killed Maggie
 10457 | D:7      | Reached skill level 5 in Evocations
 10457 | D:7      | Reached XP level 10. HP: 64/64 MP: 11/13
 10630 | D:7      | Found a staircase to the Ecumenical Temple.
 11355 | D:8      | Noticed Harold
 11481 | D:8      | Killed Harold
 11481 | D:8      | Reached skill level 5 in Invocations
 11615 | D:8      | Found an ancient bone altar of Kikubaaqudgha.
 11745 | D:8      | Found a hazy altar of Hepliaklqana.
 11745 | D:8      | Found a faded altar of an unknown god.
 11750 | D:8      | Found a faded altar of an unknown god.
 11752 | D:8      | Found a shattered altar of Ashenzari.
 11753 | D:8      | Found an ancient bone altar of Kikubaaqudgha.
 12042 | D:9      | Received a gift from Nemelex Xobeh
 12065 | D:9      | Found Ysywkur's Magic Scroll Boutique.
 12068 | D:9      | Bought a scroll of identify for 22 gold pieces
 12068 | D:9      | Identified the +2 ring mail of Mental Paralysis {rElec
                  | MP+9} (You found it on level 7 of the Dungeon)
 12163 | D:9      | Found a staircase to the Lair.
 12238 | D:9      | Found a shattered altar of Ashenzari.
 12437 | D:9      | Reached ** piety under Nemelex Xobeh
 12437 | D:9      | Received a gift from Nemelex Xobeh
 12919 | D:9      | Noticed a purple ugly thing
 12949 | D:9      | Killed a purple ugly thing
 13379 | D:9      | Reached XP level 11. HP: 68/68 MP: 16/16
 13389 | D:9      | Noticed Psyche
 13401 | D:9      | Killed Psyche
 13496 | D:9      | Found a snail-covered altar of Cheibriados.
 13821 | D:9      | Bought 3 scrolls of identify for 66 gold pieces
 13845 | D:10     | Entered Level 10 of the Dungeon
 13850 | D:10     | Noticed a two-headed ogre
 13873 | D:10     | Killed a two-headed ogre
 14046 | D:10     | Received a gift from Nemelex Xobeh
 14407 | D:10     | Reached *** piety under Nemelex Xobeh
 14739 | D:10     | Identified a scroll of acquirement
 14799 | Lair:1   | Entered Level 1 of the Lair of Beasts
 15046 | D:10     | Reached skill level 10 in Invocations
 15249 | D:10     | Reached skill level 5 in Armour
 15710 | D:11     | Noticed a two-headed ogre
 15774 | D:11     | Killed a two-headed ogre
 15905 | D:11     | Found a sacrificial altar of Ru.
 15977 | D:11     | Received a gift from Nemelex Xobeh
 17058 | Lair:1   | Reached XP level 12. HP: 66/77 MP: 19/19
 17133 | Lair:1   | Received a gift from Nemelex Xobeh
 17216 | Lair:1   | Noticed a four-headed hydra
 17220 | Lair:1   | Killed a four-headed hydra
 17237 | Lair:1   | Reached **** piety under Nemelex Xobeh
 17280 | Lair:1   | Reached skill level 10 in Fighting
 17639 | Lair:1   | Received a gift from Nemelex Xobeh
 18020 | Lair:1   | Noticed a five-headed hydra
 18030 | Lair:1   | Killed a five-headed hydra
 18030 | Lair:1   | Reached skill level 1 in Bows
 18350 | Lair:1   | Received a gift from Nemelex Xobeh
 19088 | Lair:2   | Noticed a death yak
 19347 | Lair:2   | Received a gift from Nemelex Xobeh
 20053 | Lair:3   | Noticed a seven-headed hydra
 20054 | Lair:3   | Noticed an ettin
 20054 | Lair:3   | a seven-headed hydra changed into an ettin
 20056 | Lair:3   | Killed an ettin
 20166 | Lair:3   | Received a gift from Nemelex Xobeh
 20197 | Lair:3   | Reached ***** piety under Nemelex Xobeh
 20418 | Lair:3   | Found a staircase to the Shoals.
 20506 | Lair:3   | Received a gift from Nemelex Xobeh
 22347 | Lair:4   | Found a staircase to the Snake Pit.
 22352 | Lair:4   | Noticed a death yak
 22740 | Lair:4   | Noticed Nergalle
 22901 | Lair:4   | Killed Nergalle
 22901 | Lair:4   | Reached XP level 13. HP: 83/83 MP: 21/21
 23070 | Lair:4   | Reached skill level 5 in Bows
 23302 | Lair:4   | Received a gift from Nemelex Xobeh
 23396 | Lair:4   | Noticed an azure jelly
 23396 | Lair:4   | a death yak changed into an azure jelly
 23408 | Lair:4   | Killed an azure jelly
 24486 | Lair:5   | Reached skill level 5 in Dodging
 24491 | Lair:5   | Received a gift from Nemelex Xobeh
 25497 | Lair:5   | Found a viscous altar of Jiyva.
 25497 | Lair:5   | Found a staircase to the Slime Pits.
 25655 | Lair:5   | Received a gift from Nemelex Xobeh
 25777 | Lair:6   | Entered Level 6 of the Lair of Beasts
 25801 | Lair:6   | Noticed Kirke
 25917 | D:12     | Found a staircase to the Orcish Mines.
 26128 | D:12     | Noticed an iron dragon
 26131 | D:12     | Noticed Hajin's ghost (journeyman DrCj)
 26258 | D:12     | Found a transporter.
 26280 | D:12     | Learned a level 2 spell: Blink
 26453 | D:12     | Noticed Gastronok
 26462 | D:12     | Killed Gastronok
 26778 | D:12     | Found a transporter.
 27102 | D:12     | Reached skill level 1 in Translocations
 27485 | D:13     | Found a gate leading to a gauntlet.
 27493 | Gauntlet | Entered a Gauntlet
 27493 | Gauntlet | Found a transporter.
 27493 | Gauntlet | Found a transporter.
 27510 | Gauntlet | Found a transporter.
 27514 | Gauntlet | Found a transporter.
 27523 | Gauntlet | Noticed a great orb of eyes
 27524 | Gauntlet | Found a transporter.
 27528 | Gauntlet | Found a transporter.
 27530 | Gauntlet | Found a large runed translucent door.
 27531 | Gauntlet | Found a large runed translucent door.
 27532 | Gauntlet | Found a large runed translucent door.
 27532 | Gauntlet | Found a large runed translucent door.
 27532 | Gauntlet | Found a runed translucent door.
 27532 | Gauntlet | Found a runed translucent door.
 27533 | Gauntlet | Found a large runed translucent door.
 27534 | Gauntlet | Found a large runed translucent door.
 27535 | Gauntlet | Found a large runed translucent door.
 27535 | Gauntlet | Found a large runed translucent door.
 27536 | Gauntlet | Found a runed translucent gate.
 27536 | Gauntlet | Found a runed translucent gate.
 27536 | Gauntlet | Found a runed translucent gate.
 27538 | Gauntlet | Found a transporter.
 27547 | Gauntlet | Found a large runed translucent door.
 27547 | Gauntlet | Found a large runed translucent door.
 27548 | Gauntlet | Found a large runed translucent door.
 27549 | Gauntlet | Found a large runed translucent door.
 27559 | Gauntlet | Found a transporter.
 27560 | Gauntlet | Found a large runed translucent door.
 27560 | Gauntlet | Found a large runed translucent door.
 27561 | Gauntlet | Found a large runed translucent door.
 27562 | Gauntlet | Found a large runed translucent door.
 27565 | Gauntlet | Found a transporter.
 27583 | Gauntlet | Found a transporter.
 27583 | Gauntlet | Found a transporter.
 27628 | Gauntlet | Found a transporter.
 27635 | Gauntlet | Received a gift from Nemelex Xobeh
 27860 | Gauntlet | Got a scorched hat
 28280 | Gauntlet | Got a clouded granite ring
 28328 | Gauntlet | Identified the +7 short sword of the Eternal Void {holy,
                  | rElec Str+4}
 28328 | Gauntlet | Noticed a minotaur
 28336 | Gauntlet | Killed a minotaur
 28336 | Gauntlet | Gained mutation: Your large and strong wings let you fly
                  | indefinitely. [Gargoyle growth]
 28336 | Gauntlet | Reached XP level 14. HP: 90/90 MP: 22/22
 29095 | D:13     | Received a gift from Nemelex Xobeh
 29187 | D:13     | Reached skill level 10 in Stealth
 29213 | D:13     | Identified the cursed -2 hat of Lois Off {Str+4} (You found
                  | it in a Gauntlet)
 29494 | D:13     | Identified the cursed ring of Awe {*Contam rF+ AC-2 Stlth+}
                  | (You found it in a Gauntlet)
 29637 | Orc:1    | Entered Level 1 of the Orcish Mines
 29640 | Orc:1    | Received a gift from Nemelex Xobeh
 29925 | Orc:1    | Found a roughly hewn altar of Beogh.
 30172 | Orc:2    | Entered Level 2 of the Orcish Mines
 32306 | Orc:2    | Received a gift from Nemelex Xobeh
 32644 | Orc:2    | Found a staircase to the Elven Halls.
 32670 | Orc:2    | Found Vofuysor's Book Boutique.
 32874 | Orc:2    | Found Ylyw Kah's Assorted Antiques.
 32874 | Orc:2    | Found Parghoug's Assorted Antiques.
 32876 | Orc:2    | Found Noothrim's Jewellery Emporium.
 32878 | Orc:2    | Found Vaih's Weapon Boutique.
 32946 | Orc:1    | Received a gift from Nemelex Xobeh
 32947 | Orc:1    | Noticed Sonja
 32965 | Orc:1    | Killed Sonja
 33333 | Orc:2    | Bought a scroll of fog for 54 gold pieces
 33333 | Orc:2    | Bought a scroll of identify for 54 gold pieces
 33334 | Orc:2    | Bought a scroll of identify for 54 gold pieces
 33335 | Orc:2    | Bought a bronze chain mail for 275 gold pieces
 33335 | Orc:2    | Identified the cursed +1 chain mail "Simadghoi" {MP+9} (You
                  | bought it in a shop on level 2 of the Orcish Mines)
 33337 | Orc:2    | Bought a scroll of fog for 58 gold pieces
 33339 | Orc:2    | Bought a short ivory wand for 116 gold pieces
 33340 | Orc:2    | Bought an encrusted gold wand for 108 gold pieces
 34554 | D:13     | Reached skill level 10 in Evocations
 35283 | D:14     | Received a gift from Nemelex Xobeh
 36055 | D:14     | Noticed an ironheart preserver
 36209 | D:14     | Killed an ironheart preserver
 36258 | D:14     | Found a gate to the Vaults.
 37382 | Lair:6   | Noticed Josephine
 37445 | Lair:6   | Killed Josephine
 37652 | Lair:5   | Reached XP level 15. HP: 96/96 MP: 24/24
 37841 | Lair:5   | Killed Kirke
 37841 | Lair:5   | Reached skill level 10 in Bows
 38204 | Lair:6   | Received a gift from Nemelex Xobeh
 38879 | Lair:6   | Identified the Disquisition on Sinister Good Luck
 39122 | Lair:6   | Got a polished dagger
 39244 | Lair:6   | Received a gift from Nemelex Xobeh
 39279 | Lair:6   | Noticed Nessos
 39280 | Lair:6   | Noticed Nessos
 39280 | Lair:6   | Nessos changed into Nessos the shock serpent
 39282 | Lair:6   | Killed Nessos the shock serpent
 39374 | Lair:6   | Reached ****** piety under Nemelex Xobeh
 39723 | Lair:6   | Found a runed translucent gate.
 39723 | Lair:6   | Found a runed translucent gate.
 39733 | Lair:6   | Found a runed translucent gate.
 39773 | Lair:6   | Noticed Majang's ghost (journeyman HOFi)
 40055 | Lair:6   | Killed Majang's ghost
 40512 | D:15     | Entered Level 15 of the Dungeon
 40681 | D:15     | Noticed Louise
 40688 | D:15     | Killed Louise
 40906 | D:15     | Identified the +4 dagger of the Inferno {elec, rF+ rN+
                  | Dex+3} (You found it on level 6 of the Lair of Beasts)
 41096 | D:15     | Found a staircase to the Depths.
 41211 | D:15     | Reached XP level 16. HP: 101/101 MP: 26/26
 41274 | D:15     | Found a basalt altar of Yredelemnul.
 42177 | D:15     | Received a gift from Nemelex Xobeh
 42337 | Snake:1  | Entered Level 1 of the Snake Pit
 42337 | Snake:1  | Noticed Donald
 42338 | Snake:1  | Noticed Donald
 42338 | Snake:1  | Donald changed into Donald the minotaur
 42347 | Snake:1  | Killed Donald the minotaur
 42994 | Snake:1  | Noticed Aizul
 43006 | Lair:4   | Killed Aizul
 43321 | Snake:1  | Noticed Nikola
 43357 | Snake:1  | Killed Nikola
 43358 | Snake:1  | Noticed Jorgrun
 43370 | Snake:1  | Killed Jorgrun
 43915 | Snake:2  | Found Qalul's Mass Market.
 43954 | Snake:2  | Found an opulent altar of Gozag.
 43984 | Snake:2  | Noticed Saint Roka
 44184 | Snake:2  | Identified the ring "Safututa" {*Corrode rN+ MR+ Int+7
                  | SInv} (You acquired it on level 2 of the Snake Pit)
 44372 | Snake:2  | Killed Saint Roka
 44372 | Snake:2  | Reached skill level 15 in Bows
 44372 | Snake:2  | Reached skill level 15 in Invocations
 44539 | Snake:2  | Reached XP level 17. HP: 82/106 MP: 21/28
 44859 | Snake:2  | Found Ylaem's Gadget Emporium.
 44862 | Snake:2  | Found Hoiwn's Jewellery Shop.
 44863 | Snake:2  | Found Ruic's Gadget Emporium.
 44902 | Snake:2  | Bought a wand of clouds (7) for 462 gold pieces
 45246 | Snake:3  | Received a gift from Nemelex Xobeh
 45410 | Snake:3  | Identified the +6 quarterstaff of Turph {vamp, *Corrode
                  | Fragile Str+4 Int+3}
 45899 | Snake:3  | Found a runed translucent door.
 45917 | Snake:3  | Identified the +7 shortbow "Hydrabane" {vorpal, *Slow +Fly
                  | Str+7}
 46161 | Snake:4  | Entered Level 4 of the Snake Pit
 46161 | Snake:4  | Received a gift from Nemelex Xobeh
 46453 | Snake:4  | Found Biuritack's Jewellery Emporium.
 46605 | Snake:4  | Found Fefiki's Armour Shoppe.
 46605 | Snake:4  | Found Novuit's General Store.
 46613 | Snake:4  | Found Imen's Jewellery Shoppe.
 46628 | Snake:4  | Bought a scroll of silence for 135 gold pieces
 47000 | Snake:4  | Received a gift from Nemelex Xobeh
 47043 | Snake:4  | Reached skill level 1 in Spellcasting
 47351 | Snake:4  | Reached skill level 5 in Translocations
 47843 | Snake:4  | Reached XP level 18. HP: 112/112 MP: 29/29
 48755 | Snake:4  | Got a serpentine rune of Zot
 48903 | Shoals:1 | Entered Level 1 of the Shoals
 49258 | Shoals:1 | Received a gift from Nemelex Xobeh
 49836 | Shoals:2 | Reached skill level 5 in Spellcasting
 50419 | Shoals:2 | Got a scorched leather armour
 50432 | Shoals:2 | Received a gift from Nemelex Xobeh
 50878 | Shoals:2 | Found Qefousof's Distillery.
 50886 | Shoals:2 | Bought 2 potions of haste for 340 gold pieces
 50965 | Shoals:3 | Noticed Mara
 51335 | Shoals:3 | Received a gift from Nemelex Xobeh
 51499 | Shoals:3 | Killed Mara
 51511 | Shoals:3 | Identified the +2 leather armour "Muraox" {+Blink} (You
                  | found it on level 2 of the Shoals)
 51553 | Shoals:3 | Reached XP level 19. HP: 84/116 MP: 24/30
 51894 | Shoals:3 | Reached skill level 10 in Translocations
 52337 | Shoals:4 | Entered Level 4 of the Shoals
 52903 | Shoals:4 | Received a gift from Nemelex Xobeh
 53104 | Shoals:4 | Identified the +0 leather armour of Claustrophobia {Int+5
                  | Dex+4 SInv Stlth-}
 53660 | Shoals:4 | Received a gift from Nemelex Xobeh
 53901 | Shoals:4 | Got a barnacled rune of Zot
 54352 | Elf:1    | Entered Level 1 of the Elven Halls
 55181 | Elf:1    | Found Xidwo's Food Boutique.
 55669 | Elf:2    | Found a runed translucent gate.
 55671 | Elf:2    | Found a runed translucent gate.
 55673 | Elf:2    | Found a runed translucent gate.
 55908 | Elf:2    | Noticed a bone dragon
 55925 | Elf:2    | Killed a bone dragon
 55925 | Elf:2    | Reached XP level 20. HP: 98/122 MP: 30/33
 55932 | Elf:2    | Identified the cursed +2 glaive of Jieto Nicub {vamp, MR++}
 56399 | Elf:2    | Identified the Catalogue of Stolen Souls
 56768 | Elf:3    | Entered Level 3 of the Elven Halls
 56775 | Elf:3    | Learned a level 1 spell: Apportation
 56777 | Elf:3    | Learned a level 1 spell: Summon Butterflies
 56780 | Elf:3    | Learned a level 2 spell: Swiftness
 56785 | Elf:3    | Learned a level 4 spell: Summon Lightning Spire
 56864 | Elf:3    | Received a gift from Nemelex Xobeh
 56901 | Elf:3    | Found a runed translucent gate.
 56910 | Elf:3    | Noticed Sphara's ghost (adept DrMo)
 57028 | Elf:3    | Received a gift from Nemelex Xobeh
 57399 | Elf:3    | Found a runed translucent gate.
 57399 | Elf:3    | Found a runed translucent gate.
 57399 | Elf:3    | Identified the +6 scale mail of the Nightingale {MR+ Slay+2
                  | Stlth+}
 57400 | Elf:3    | Found an iron altar of Okawaru.
 57401 | Elf:3    | Identified the amulet of Koghedy {Faith rElec Str+4 Stlth+}
 57604 | Elf:3    | Killed Sphara's ghost
 57908 | Elf:3    | Reached skill level 10 in Armour
 59026 | Elf:3    | Identified the +4 mace of Action {drain, rC+ Int+4 Dex+2
                  | SInv}
 59158 | Elf:3    | Identified the +8 chain mail "Ixtotafu" {rCorr} (You found
                  | it on level 3 of the Elven Halls)
 59235 | Elf:3    | Reached skill level 15 in Fighting
 59269 | Elf:3    | Identified the +1 chain mail of the Stone Wall {MR+ Str+4}
                  | (You found it on level 3 of the Elven Halls)
 59333 | Elf:3    | Found the +8 demon blade "Leech" {vamp, *Rage +Rage rN+}
 59536 | Elf:3    | Got a faintly humming kite shield
 59837 | Vaults:1 | Entered Level 1 of the Vaults
 59893 | Vaults:1 | Received a gift from Nemelex Xobeh
 60004 | Vaults:1 | Found Ushroogyrph's Food Shop.
 60176 | Vaults:1 | Received a gift from Nemelex Xobeh
 60260 | Vaults:1 | Identified the +4 kite shield of Grot {Str+3} (You found it
                  | on level 3 of the Elven Halls)
 60266 | Vaults:1 | Identified the +7 hand crossbow of Indomitability {freeze,
                  | +Inv} (You found it on level 1 of the Vaults)
 60303 | Vaults:1 | Reached XP level 21. HP: 134/134 MP: 34/34
 60610 | Vaults:1 | Received a gift from Nemelex Xobeh
 60777 | Vaults:1 | Received a gift from Nemelex Xobeh
 61270 | Vaults:2 | Received a gift from Nemelex Xobeh
 61578 | Vaults:2 | Found a staircase to the Crypt.
 61857 | Vaults:2 | Received a gift from Nemelex Xobeh
 61982 | Vaults:2 | Received a gift from Nemelex Xobeh
 62720 | Vaults:2 | Reached skill level 10 in Dodging
 62930 | Vaults:2 | Found Plog's General Store.
 62952 | Vaults:2 | Bought a potion of heal wounds for 100 gold pieces
 63807 | Vaults:3 | Received a gift from Nemelex Xobeh
 64357 | Vaults:3 | Found Baeqagol's Assorted Antiques.
 64385 | Vaults:3 | Bought a scroll of teleportation for 120 gold pieces
 64385 | Vaults:3 | Bought a potion of haste for 400 gold pieces
 64385 | Vaults:3 | Bought a potion of resistance for 400 gold pieces
 64608 | Vaults:3 | Reached XP level 22. HP: 104/147 MP: 24/35
 65122 | Vaults:3 | Noticed Sojobo
 65130 | Vaults:3 | Killed Sojobo
 65133 | Vaults:3 | Noticed Asterion
 65146 | Vaults:3 | Killed Asterion
 65259 | Vaults:3 | Received a gift from Nemelex Xobeh
 65357 | Vaults:3 | Noticed Xtahua
 65359 | Vaults:3 | Noticed Xtahua
 65359 | Vaults:3 | Xtahua changed into Xtahua the juggernaut
 65367 | Vaults:3 | Killed Xtahua the juggernaut
 65574 | Vaults:3 | Received a gift from Nemelex Xobeh
 66015 | Vaults:3 | Identified the +1 plate armour "Qegikep" {SInv Stlth+} (You
                  | found it on level 3 of the Vaults)
 66168 | D:12     | Killed Hajin's ghost
 66266 | D:12     | Identified the ring of Kotou {rElec rC++ MR+ Slay-4 Stlth+}
                  | (You found it on level 12 of the Dungeon)
 66271 | D:12     | Identified the ring of Wassexka {Int+4 Dex+6} (You found it
                  | on level 12 of the Dungeon)
 66455 | Vaults:4 | Found a flickering gateway to a bazaar.
 66473 | Bazaar   | Entered a bazaar
 66476 | Bazaar   | Found Xoriusm's Assorted Antiques.
 66482 | Bazaar   | Found Nusch's Magic Scroll Emporium.
 66488 | Bazaar   | Found Subomn Butz's Distillery.
 66515 | Bazaar   | Found Cocsunim's Armour Shoppe.
 66521 | Bazaar   | Found Uwkoidghu's Weapon Shop.
 66550 | Bazaar   | Bought an encrusted gilded ring for 140 gold pieces
 66550 | Bazaar   | Bought a scroll of fear for 98 gold pieces
 66550 | Bazaar   | Bought a potion of heal wounds for 140 gold pieces
 66550 | Bazaar   | Bought a scroll of teleportation for 84 gold pieces
 66550 | Bazaar   | Bought a wand of iceblast (12) for 112 gold pieces
 66550 | Bazaar   | Bought a potion of ambrosia for 224 gold pieces
 66556 | Bazaar   | Bought a scroll of summoning for 180 gold pieces
 66556 | Bazaar   | Bought a scroll of enchant armour for 142 gold pieces
 66556 | Bazaar   | Bought a scroll of magic mapping for 66 gold pieces
 66556 | Bazaar   | Bought a scroll of silence for 142 gold pieces
 66571 | Bazaar   | Bought a yellowed book for 420 gold pieces
 67254 | Vaults:4 | Reached XP level 23. HP: 132/156 MP: 33/36
 67356 | Vaults:4 | Noticed an ancient lich
 67377 | Vaults:4 | Killed an ancient lich
 67436 | Vaults:4 | Received a gift from Nemelex Xobeh
 68244 | Depths:1 | Entered Level 1 of the Depths
 68638 | Depths:1 | Received a gift from Nemelex Xobeh
 68800 | Depths:1 | Identified the Catalogue of Flamy Talismans
 68859 | Depths:1 | Found a glowing golden altar of the Shining One.
 69017 | Depths:1 | Found a gateway to Hell.
 69326 | Depths:1 | Received a gift from Nemelex Xobeh
 69495 | Depths:2 | Found a sparkling altar of Nemelex Xobeh.
 70026 | Depths:2 | Received a gift from Nemelex Xobeh
 70027 | Depths:2 | Found a gateway to a ziggurat.
 70794 | Depths:2 | Noticed a juggernaut
 70813 | Depths:2 | Noticed a golden dragon
 70834 | Depths:2 | Killed a juggernaut
 70845 | Depths:2 | Killed a golden dragon
 70879 | Depths:2 | Found Remuat's Weapon Shoppe.
 70879 | Depths:2 | Found Nappual's Book Shop.
 70881 | Depths:2 | Found Voggaur's Antique Armour Boutique.
 70881 | Depths:2 | Found Gelikh's Jewellery Shoppe.
 70883 | Depths:2 | Received a gift from Nemelex Xobeh
 70948 | Depths:2 | Noticed a golden dragon
 70954 | Depths:2 | Killed a golden dragon
 70954 | Depths:2 | Reached XP level 24. HP: 146/164 MP: 31/36
 70961 | Depths:2 | Reached skill level 15 in Armour
 71703 | Depths:3 | Found Abbyteli's Serpentskin Sales.
 71791 | Depths:3 | Noticed a juggernaut
 71797 | Depths:3 | Identified the +2 trident "Lexaere" {antimagic, rC+ Int-5
                  | Dex+3}
 71801 | Depths:3 | Killed a juggernaut
 71832 | Depths:3 | Noticed a juggernaut
 71857 | Depths:2 | Killed a juggernaut
 72406 | Depths:3 | Identified the +10 battleaxe of the Jolly Mice {vorpal,
                  | *Contam rElec MR- Stlth+}
 73001 | Depths:3 | Identified the cursed +3 broad axe of Floods {speed, rC+}
 73171 | Depths:3 | Noticed a juggernaut
 73197 | Depths:3 | Killed a juggernaut
 73566 | Depths:3 | Received a gift from Nemelex Xobeh
 73839 | Depths:3 | Found a one-way gate leading to the halls of Pandemonium.
 73961 | Depths:3 | Found Fyirchedy's General Store.
 73971 | Depths:3 | Bought a scroll of fog for 42 gold pieces
 73971 | Depths:3 | Bought a potion of might for 84 gold pieces
 73971 | Depths:3 | Bought a scroll of magic mapping for 73 gold pieces
 74282 | Depths:3 | Reached XP level 25. HP: 171/171 MP: 36/36
 74541 | Depths:3 | Received a gift from Nemelex Xobeh
 76199 | Depths:4 | Identified the cursed +0 helmet of the Hidden Vale {*Slow
                  | Dex+10} (You found it on level 4 of the Depths)
 76217 | Depths:4 | Received a gift from Nemelex Xobeh
 77001 | Depths:4 | Found a one-way gate to the infinite horrors of the Abyss.
 77746 | Crypt:1  | Entered Level 1 of the Crypt
 78206 | Crypt:1  | Received a gift from Nemelex Xobeh
 78951 | Crypt:2  | Received a gift from Nemelex Xobeh
 79410 | Crypt:2  | Reached XP level 26. HP: 179/179 MP: 36/36
 79472 | Crypt:2  | Received a gift from Nemelex Xobeh
 79988 | Crypt:3  | Entered Level 3 of the Crypt
 82077 | Crypt:3  | Received a gift from Nemelex Xobeh
 82357 | Crypt:3  | Found a staircase to the Tomb.
 82840 | Crypt:3  | Noticed an ancient lich
 82886 | Crypt:3  | Killed an ancient lich
 83551 | Orc:2    | Bought a book of the Warp for 1170 gold pieces
 83555 | Orc:2    | Learned a level 3 spell: Portal Projectile
 83562 | Orc:2    | Learned a level 6 spell: Dispersal
 83634 | Orc:2    | Bought a potion of mutation for 232 gold pieces
 83846 | Slime:1  | Entered Level 1 of the Pits of Slime
 83848 | Slime:1  | Gained mutation: You are frail. (-10% HP) [a shining eye]
 84292 | Slime:2  | Received a gift from Nemelex Xobeh
 84588 | Slime:4  | Noticed Dissolution
 84663 | Slime:3  | Killed Dissolution
 84675 | Slime:3  | Gained mutation: Your body sometimes deteriorates upon
                  | taking damage. [a shining eye]
 84921 | Slime:4  | Reached XP level 27. HP: 165/167 MP: 35/36
 85299 | Slime:5  | Entered Level 5 of the Pits of Slime
 85647 | Slime:5  | Found a viscous altar of Jiyva.
 85647 | Slime:5  | Noticed the Royal Jelly
 85669 | Slime:5  | Killed the Royal Jelly
 85669 | Slime:5  | Reached skill level 10 in Spellcasting
 85845 | Slime:5  | Got a slimy rune of Zot
 85860 | Slime:5  | Identified the +4 ring mail "Duewk" {MR+} (You found it on
                  | level 5 of the Pits of Slime)
 85864 | Slime:5  | Received a gift from Nemelex Xobeh
 85921 | Slime:5  | Identified the +4 mace of the Absolute Madman {vamp, +Inv
                  | Str+3 Int+5 Dex-3} (You found it on level 5 of the Pits of
                  | Slime)
 85928 | Slime:5  | Identified the Almanac of Evil and Aid
 85934 | Slime:5  | Identified the cursed +2 arbalest "Jedif" {venom, rN+ MP-9
                  | Str+4} (You found it on level 5 of the Pits of Slime)
 86426 | Vaults:5 | Entered Level 5 of the Vaults
 86831 | Vaults:5 | Identified the amulet "Sew Degh" {Harm *Drain Dex+4 Stlth+}
 87106 | Vaults:5 | Lost mutation: You are frail. (-10% HP) [potion of
                  | mutation]
 87106 | Vaults:5 | Lost mutation: Your body sometimes deteriorates upon taking
                  | damage. [potion of mutation]
 87106 | Vaults:5 | Gained mutation: Your magical capacity is low. (-10% MP)
                  | [potion of mutation]
 87106 | Vaults:5 | Gained mutation: Scrolls take you a little longer to read.
                  | [potion of mutation]
 87106 | Vaults:5 | Gained mutation: Your muscles are strong. (Str +2) [potion
                  | of mutation]
 88217 | Vaults:5 | Noticed an ancient lich
 88221 | Vaults:5 | Identified the -1 quarterstaff of True Grit {freeze, rC+}
 88229 | Vaults:5 | Killed an ancient lich
 88729 | Vaults:5 | Got a silver rune of Zot
 88746 | Vaults:5 | Identified the Reference Book on Dark Secrets
 88931 | Vaults:5 | Identified the +1 robe of Pan-Flutes {*Drain rElec rF+}
 89635 | Vaults:5 | Received a gift from Nemelex Xobeh
 90519 | Depths:5 | Entered Level 5 of the Depths
 90619 | Depths:5 | Reached skill level 15 in Dodging
 90830 | Depths:5 | Noticed a juggernaut
 90855 | Depths:5 | Killed a juggernaut
 91577 | Depths:5 | Found a gate to the Realm of Zot.
 91595 | Depths:5 | Identified the +7 mace of Eternity {vorpal, rC+}
 92248 | Depths:5 | Found a gateway to a bazaar.
 92311 | Depths:5 | Received a gift from Nemelex Xobeh
 92666 | Bazaar   | Entered a bazaar
 92666 | Bazaar   | Found Watycvim's Antique Weapon Boutique.
 92673 | Bazaar   | Found Wyhew's Jewellery Shoppe.
 92681 | Bazaar   | Found Ennud's Magic Scroll Shoppe.
 92692 | Bazaar   | Found Dicem's General Store.
 92700 | Bazaar   | Bought a scroll of fog for 34 gold pieces
 92704 | Bazaar   | Found Noofumit's Antique Armour Emporium.
 92749 | Bazaar   | Bought a scroll of summoning for 114 gold pieces
 92749 | Bazaar   | Bought a scroll of enchant armour for 90 gold pieces
 92749 | Bazaar   | Bought a scroll of enchant armour for 90 gold pieces
 92749 | Bazaar   | Bought a scroll of blinking for 90 gold pieces
 93565 | Zot:1    | Entered Level 1 of the Realm of Zot
 93577 | Zot:1    | Learned a level 2 spell: Passwall
 94507 | Snake:2  | Bought a wand of digging (7) for 308 gold pieces
 94784 | Depths:2 | Bought scorched acid dragon scales for 1890 gold pieces
 94786 | Depths:2 | Identified the cursed +1 acid dragon scales "Buodoicu"
                  | {rCorr Dex+3} (You bought it in a shop on level 2 of the
                  | Depths)
 95155 | Zot:2    | Found a runed translucent gate.
 95155 | Zot:2    | Found a runed translucent gate.
 95155 | Zot:2    | Found a runed translucent gate.
 95196 | Zot:2    | Noticed an orb of fire
 95198 | Zot:2    | Noticed Licye's ghost (legendary MfTm)
 95219 | Zot:2    | Received a gift from Nemelex Xobeh
 96870 | Zot:5    | Entered Level 5 of the Realm of Zot
 96909 | Zot:5    | Received a gift from Nemelex Xobeh
 96949 | Zot:5    | Noticed an orb of fire
 96950 | Zot:5    | Gained mutation: You are occasionally teleported next to
                  | monsters. [an orb of fire]
 96969 | Zot:5    | Killed an orb of fire
 96970 | Zot:5    | Lost mutation: Your muscles are strong. (Str +2) [potion of
                  | mutation]
 96970 | Zot:5    | Lost mutation: Your magical capacity is low. (-10% MP)
                  | [potion of mutation]
 96970 | Zot:5    | Lost mutation: Scrolls take you a little longer to read.
                  | [potion of mutation]
 96970 | Zot:5    | Gained mutation: Your muscles are strong. (Str +2) [potion
                  | of mutation]
 96970 | Zot:5    | Gained mutation: You have large cloven feet. [potion of
                  | mutation]
 96970 | Zot:5    | Gained mutation: Your mind is acute. (Int +2) [potion of
                  | mutation]
 96971 | Zot:5    | Lost mutation: You have large cloven feet. [potion of
                  | mutation]
 96971 | Zot:5    | Lost mutation: You are occasionally teleported next to
                  | monsters. [potion of mutation]
 96971 | Zot:5    | Lost mutation: Your muscles are strong. (Str +2) [potion of
                  | mutation]
 96971 | Zot:5    | Gained mutation: You are robust. (+10% HP) [potion of
                  | mutation]
 96971 | Zot:5    | Gained mutation: You possess an exceptional clarity of
                  | mind. [potion of mutation]
 97159 | Zot:5    | Noticed an orb of fire
 97159 | Zot:5    | Noticed an orb of fire
 97164 | Zot:5    | Noticed an orb of fire
 97164 | Zot:5    | Noticed an ancient lich
 97166 | Zot:5    | Gained mutation: Your spells are a little easier to cast,
                  | but a little less powerful. [an orb of fire]
 97167 | Zot:5    | Noticed an orb of fire
 97170 | Zot:5    | Noticed an ancient lich
 97172 | Zot:5    | Killed an orb of fire
 97172 | Zot:5    | Noticed an ancient lich
 97175 | Zot:5    | Noticed an ancient lich
 97176 | Zot:5    | Killed an orb of fire
 97179 | Zot:5    | Noticed an ancient lich
 97185 | Zot:5    | Noticed an ancient lich
 97186 | Zot:5    | Killed an ancient lich
 97190 | Zot:5    | Killed an orb of fire
 97193 | Zot:5    | Killed an ancient lich
 97194 | Zot:5    | Killed an ancient lich
 97195 | Zot:5    | Killed an ancient lich
 97196 | Zot:5    | Killed an ancient lich
 97196 | Zot:5    | Killed an ancient lich
 97200 | Zot:5    | Killed an orb of fire
 97230 | Zot:5    | Noticed an ancient lich
 97245 | Zot:5    | Killed an ancient lich
 97504 | Zot:5    | Received a gift from Nemelex Xobeh
 98223 | Zot:5    | Received a gift from Nemelex Xobeh
 98331 | Zot:5    | Noticed an ancient lich
 98344 | Zot:5    | Killed an ancient lich
 98813 | Zot:5    | Got the Orb of Zot
 99273 | D:$      | Escaped with the Orb!

Levels and vault maps discovered:
D:1:      saegor_arrival_simple_c, layout_rooms, minmay_rat_gold_closets
D:2:      layout_loops_ring, bloody_trog, gammafunk_temple_overflow_wave,
          minmay_mini_jars, uniq_natasha
D:3:      layout_basic, chequers_ecumenical_altar_lobes,
          cheibrodos_sewer_entry_sluice
D:4:      layout_layer_cave, lemuel_blue_sif_altar, serial_shops,
          nicolae_shop_window_shopping, small_statue_intersection
D:5:      layout_loops_ring, okawaru_metal_pillars_1_2, basic_altar,
          serial_shops, shop_scrolls, first_ration, minmay_starry_boxes,
          uniq_pikel, uniq_menkaure
D:6:      layout_loops_ring, old_standard_altar, overflow_temple_1_default,
          lexackson_kobold_supper, uniq_edmund, uniq_blork_the_orc
D:7:      kb_forest_paths, layout_basic, minmay_temple_entry_grid, uniq_maggie
D:8:      layout_loops_cross, chequers_temple_overflow_minitemple,
          tgw_kikubaaqudgha, uniq_harold
D:9:      layout_stronghold, cheibriados_altar_1, lair_entry_dummy,
          serial_shops, kennysheep_mini, cheibrodos_ashenzari_chains,
          uniq_psyche
D:10:     layout_basic
D:11:     layout_cave_pools, basic_altar, special_room [special_room_orc]
D:12:     layout_loops_ring, orc_0_dummy, gammafunk_ghost_arena, grunt_pizzeria,
          uniq_gastronok
D:13:     layout_long_grid, portal_ice_cave_rime, gauntlet_entry_generic
D:14:     layout_long_grid, skrybe_vaults_entry_preservation,
          hangedman_decor_opposing, drop_trap, billiards_dpeg
D:15:     hangedman_depths_entry_civil_slaughter, layout_loops_ring,
          minivault_11, chequers_serial_rivers_micro_b,
          lemuel_mausoleum_altar_yredelemnul, uniq_louise
Lair:1:   statuecave_lemuel, layout_regular_city,
          chequers_serial_rivers_small_a, hangedman_lair_unloving_vines,
          lemuel_fruit_tree
Lair:2:   layout_chaotic_city, chequers_serial_rivers_room_a, grunt_megastairs_4
Lair:3:   layout_concentric_octagons, minmay_shoals_entry_centaurs,
          minmay_lair_oklob_chamber, serial_bayou_shore_b, serial_bayou_shore_b,
          lemuel_fruit_fields, grunt_megastairs_5, serial_bayou_shore_b
Lair:4:   layout_regular_city, minmay_snake_entry_guardpost_small, uniq_nergalle
Lair:5:   layout_misc_corridors, slime_altar_1, minivault_23,
          beast_lair_carwin_8
Lair:6:   gammafunk_lair_ancient_temple, layout_big_grid,
          maelrawn_ghost_gauntlet_escape, nicolae_volcano_entry_two_sided,
          uniq_kirke, uniq_josephine, uniq_nessos
Shoals:1: layout_shoals
Shoals:2: layout_shoals, serial_shops, shop, centaur_isle
Shoals:3: layout_shoals, uniq_mara
Shoals:4: shoals_end_hangedman, layout_shoals
Snake:1:  layout_rooms, uniq_nikola, uniq_aizul, uniq_jorgrun, uniq_donald
Snake:2:  layout_rooms, basic_altar, minmay_shop_mass, minmay_shop_grove,
          serial_bayou_shore_a, uniq_saint_roka
Snake:3:  layout_rooms, lightli_airlock
Snake:4:  grunt_snake_rune_serpentine_throne, layout_cave_town, minmay_shoptagon
Slime:1:  layout_caves
Slime:2:  layout_caves
Slime:3:  layout_caves
Slime:4:  nicolae_slime_jelly_donut, layout_caves, basic_altar,
          dissolution_awaits
Slime:5
Orc:1:    layout_diamond_mine, david_defended_altar_orc, uniq_sonja
Orc:2:    st_orc_rangers, layout_caves, serial_shops, shop_statue
Elf:1:    elf_arrival_001, layout_loops_ring, serial_shops, nicolae_shop_trees,
          kennysheep_underground_church
Elf:2:    layout_gridlike, hangedman_research_thanatology
Elf:3:    elf_hall, layout_onion_city, gammafunk_ghost_fury_of_okawaru
Vaults:1: nicolae_vaults_little_squares_1, vaults_room_semicircle,
          vaults_dpeg_hooks, nicolae_vaults_display_case,
          vaults_dpeg_encased_lava, nicolae_vaults_specimen_jars, v_misc_17,
          ontoclasm_vaults_fault, vaults_room_door_ring,
          layout_vaults_chaotic_city, serial_shops,
          nicolae_shop_temple_entry_statues_fountains
Vaults:2: blue_anna_dwarven_crypt, nicolae_vaults_stairing_the_circle,
          hangedman_vaults_snaps, hangedman_vaults_maws,
          hangedman_vaults_impose, layout_vaults_omnigrid, serial_shops, shop
Vaults:3: nicolae_vaults_network_periphery, vaults_standard_mumra_x,
          nicolae_vaults_c_with_doors, nicolae_vaults_angled_halls,
          vaults_mumra_lcd, nicolae_vaults_yaktaur_gun_rack,
          vaults_standard_mumra_lines, nicolae_vaults_theta, grunt_vaults_swirl,
          v_pattern_2, nicolae_vaults_circle_grid_a, ontoclasm_vaults_gateway,
          nicolae_vaults_little_squares_1, layout_vaults_maze, serial_shops,
          nicolae_shop_competitors_out_of_business, uniq_asterion, uniq_sojobo,
          uniq_xtahua
Vaults:4: dpeg_vaults_pockets_of_resistance, v_misc_24, v_misc_18,
          nicolae_vaults_circle_grid_a, nicolae_vaults_circle_grid_b,
          nicolae_vaults_border_crossing, nicolae_vaults_rhombus_7,
          ontoclasm_vaults_chip, vaults_mumra_hex, hangedman_vaults_stagger,
          nicolae_vaults_little_ls, layout_vaults_ring, serial_shops,
          bzr_entry_water
Vaults:5: uniq_margery
Crypt:1:  layout_misc_corridors
Crypt:2:  layout_misc_corridors, st_stairs_13
Crypt:3:  due_elkab, layout_chaotic_city
Depths:1: layout_cave_shapes, pf_coc_iceberg, serial_glass, glass_columns_a,
          glass_columns_a, glass_columns_b, glass_columns_a, glass_columns_b,
          glass_columns_c, glass_columns_b, glass_columns_a,
          minmay_strange_pillars, feat_on_display, item_on_display_a,
          due_unseen_surprise, tso_metal_star
Depths:2: hangedman_box_tower, layout_gridville, enter_ziggurat_e,
          minmay_misc_feat_more_columns, pf_hell_entry_tar_river, minivault_16,
          grunt_ministairs_1, st_stairs_3, nemelex_xobeh_ov_fountains_minmay
Depths:3: minmay_four_inscribed_fans, layout_basic, serial_shops,
          kennysheep_little_box, rand_demon_pan_entry_7, hell_entry,
          minmay_tree_intersection, st_stairs_4, guppyfry_shop_venom
Depths:4: minmay_skeleton_keep, layout_basic, hell_entry, abyss_entry,
          minmay_staircase_windowed_large, serial_bayou_shore_b
Depths:5: grunt_x_marks_the_spot, layout_gridville, serial_shops, statue_bzr,
          lightli_too_deep, minmay_misc_feat_hallway
Zot:1:    layout_gridville
Zot:2:    kennysheep_blocky_room, layout_gridlike, gammafunk_ghost_split,
          skrybe_zot_glass_1
Zot:3:    gammafunk_sealed_library, layout_gridlike, lemuel_elevator
Zot:4:    layout_misc_corridors, zot_minivault_6, grunt_megastairs_2
Zot:5:    layout_gridlike, hangedman_zot_decor_checkerboard

Skill      XL: |  1  2  3  4  5  6  7  8  9 10 11 12 13 14 15 16 17 18 19 20 21 22 23 24 25 26 27 |
---------------+----------------------------------------------------------------------------------+-----
Fighting       | 4 5 8 9 10 11 12 15 18 19 20 21 22 25 | 25.5
Stealth        | 4 5 6 7 8 9 10 | 10.0
Armour         | 2 4 7 10 13 14 16 17 18 20 | 20.5
Dodging        | 1 2 3 4 5 6 8 10 11 12 13 15 | 15.8
Short Blades   | 2 5 |  5.5
Evocations     | 3 5 7 8 9 10 | 10.0
Invocations    | 3 7 10 11 12 13 15 16 17 18 | 18.5
Bows           | 4 7 9 12 15 17 19 20 21 22 25 | 25.8
Translocations | 1 4 6 9 12 13 14 | 14.6
Spellcasting   | 2 6 9 10 | 10.0
Long Blades    | |  1.7
Throwing       | |  1.7

Action                   |  1- 3 |  4- 6 |  7- 9 | 10-12 | 13-15 | 16-18 | 19-21 | 22-24 | 25-27 || total
-------------------------+-------+-------+-------+-------+-------+-------+-------+-------+-------++-------
Melee: Dagger            |   118 |   342 |   519 |  1142 |   515 |       |       |       |       ||  2636
       Rapier            |       |       |       |   299 |    45 |       |       |       |       ||   344
       Short sword       |       |       |       |       |   598 |       |       |       |       ||   598
       Longbow           |       |       |       |       |       |       |       |     3 |       ||     3
 Fire: Longbow           |       |       |       |       |   561 |  1273 |  1584 |  1593 |  3537 ||  8548
Throw: Stone             |    32 |    77 |    28 |    40 |       |       |       |       |       ||   177
       Dart              |     2 |     1 |     7 |    29 |    72 |       |       |       |       ||   111
       Throwing net      |       |       |       |       |       |       |       |       |     2 ||     2
 Cast: Blink             |       |       |       |       |     1 |       |       |     5 |     2 ||     8
       Apportation       |       |       |       |       |       |       |       |       |   278 ||   278
       Portal Projectile |       |       |       |       |       |       |       |       |    12 ||    12
       Dispersal         |       |       |       |       |       |       |       |       |    14 ||    14
       Passwall          |       |       |       |       |       |       |       |       |     3 ||     3
Invok: Draw Summoning    |       |       |       |     3 |    13 |       |     4 |    13 |     8 ||    41
       Draw Escape       |       |       |       |     1 |       |       |       |       |       ||     1
       Draw Destruction  |       |       |       |     8 |    27 |     6 |     1 |    17 |       ||    59
       Triple Draw       |       |       |       |       |     5 |       |     1 |       |     1 ||     7
       Draw Stack        |       |       |       |       |     3 |       |       |       |       ||     3
       Stack Five        |       |       |       |       |     2 |       |       |       |       ||     2
       Deal Four         |       |       |       |       |       |     1 |       |       |     3 ||     4
 Abil: Evoke Invisibilit |       |       |     3 |    27 |    46 |     3 |       |       |    12 ||    91
       Evoke Berserk Rag |       |       |       |       |     3 |       |       |       |       ||     3
       Fly               |       |       |       |       |     1 |     2 |       |       |       ||     3
       Stop Flying       |       |       |       |       |     1 |     2 |       |       |       ||     3
       Cancel Portal Pro |       |       |       |       |       |       |       |       |     2 ||     2
Evoke: Wand              |       |       |     2 |     6 |    19 |     9 |    16 |     9 |    38 ||    99
       Phial of floods   |       |       |       |       |     1 |     1 |       |     1 |       ||     3
       Phantom mirror    |       |       |       |       |     1 |       |       |       |       ||     1
       Box of beasts     |       |       |       |       |       |     1 |       |       |    11 ||    12
  Use: Scroll            |       |     5 |    10 |    10 |    20 |    10 |    11 |     8 |    33 ||   107
       Potion            |       |     4 |       |       |     1 |     1 |     3 |     1 |    10 ||    20
 Stab: Sleeping          |     5 |     4 |    20 |    17 |    10 |       |       |       |       ||    56
       Invisible         |       |       |     3 |    51 |    80 |       |       |       |       ||   134
       Distracted        |       |       |     1 |       |       |       |       |       |       ||     1
  Eat: Chunk             |     2 |     7 |    16 |    31 |    43 |    23 |    21 |    18 |    18 ||   179
       Ration            |       |     1 |     1 |     6 |    12 |     3 |     5 |     3 |    21 ||    52
Armor: Robe              |    12 |       |       |       |       |       |       |       |       ||    12
       Ring mail         |    21 |   182 |   186 |   617 |   252 |       |       |       |       ||  1258
       Steam dragon scal |       |       |       |    67 |       |       |       |       |       ||    67
       Scale mail        |       |       |       |       |    49 |       |   101 |   311 |   434 ||   895
       Leather armour    |       |       |       |       |   273 |   219 |   121 |       |       ||   613
       Troll leather arm |       |       |       |       |    41 |       |       |       |       ||    41
       Fire dragon scale |       |       |       |       |       |       |       |       |   470 ||   470
Dodge: Dodged            |    53 |   179 |   192 |   701 |  1212 |   492 |   343 |   395 |  1172 ||  4739
       Deflected         |       |       |       |       |       |       |       |       |    66 ||    66

Table legend:
 A = Non-vault XP
 B = Vault XP
 C = Vault XP percentage of total XP
 D = Non-vault monster count
 E = Vault monster count
 F = Vault count percentage of total count
                 A         B        C        D         E       F
            +---------+---------+-------+---------+---------+-------
      Total |  912578 |  969656 |  51.5 |    1605 |     987 |  38.1
            +---------+---------+-------+---------+---------+-------
        D:1 |      27 |       7 |  20.6 |      15 |       7 |  31.8
        D:2 |     108 |     103 |  48.8 |      18 |      11 |  37.9
        D:3 |      56 |       3 |   5.1 |      11 |       2 |  15.4
        D:4 |     448 |       0 |   0.0 |      31 |       0 |   0.0
        D:5 |     391 |    1073 |  73.3 |      14 |       4 |  22.2
        D:6 |     939 |     216 |  18.7 |      25 |       9 |  26.5
        D:7 |     708 |     527 |  42.7 |      14 |       5 |  26.3
        D:8 |     839 |     623 |  42.6 |      20 |       1 |   4.8
        D:9 |    3465 |     273 |   7.3 |      25 |       1 |   3.8
       D:10 |    2853 |      12 |   0.4 |      17 |       4 |  19.0
       D:11 |    5048 |     868 |  14.7 |      32 |      20 |  38.5
       D:12 |    2282 |    6980 |  75.4 |      15 |      12 |  44.4
       D:13 |    8011 |     766 |   8.7 |      27 |       3 |  10.0
       D:14 |    8696 |    5176 |  37.3 |      37 |      11 |  22.9
       D:15 |   15808 |    7653 |  32.6 |      38 |      19 |  33.3
     Lair:1 |    4960 |       0 |   0.0 |      19 |       0 |   0.0
     Lair:2 |    2668 |     708 |  21.0 |       5 |       3 |  37.5
     Lair:3 |    4217 |    2840 |  40.2 |      14 |       8 |  36.4
     Lair:4 |   12479 |    3170 |  20.3 |      29 |       6 |  17.1
     Lair:5 |   11670 |    4327 |  27.0 |      35 |      14 |  28.6
     Lair:6 |    6761 |   15604 |  69.8 |      28 |      32 |  53.3
   Shoals:1 |   15107 |       0 |   0.0 |      31 |       0 |   0.0
   Shoals:2 |   15396 |    1504 |   8.9 |      33 |       6 |  15.4
   Shoals:3 |   18294 |    7944 |  30.3 |      38 |       1 |   2.6
   Shoals:4 |   23040 |   16522 |  41.8 |      44 |      28 |  38.9
    Snake:1 |   13979 |    7868 |  36.0 |      25 |       3 |  10.7
    Snake:2 |   14039 |    6006 |  30.0 |      27 |      11 |  28.9
    Snake:3 |   19001 |    6826 |  26.4 |      39 |      11 |  22.0
    Snake:4 |   15555 |   41120 |  72.6 |      29 |      66 |  69.5
    Slime:1 |   10006 |       0 |   0.0 |      13 |       0 |   0.0
    Slime:2 |   15602 |       0 |   0.0 |      25 |       0 |   0.0
    Slime:3 |    6772 |   11185 |  62.3 |      10 |       1 |   9.1
    Slime:4 |   15102 |     383 |   2.5 |      24 |       9 |  27.3
    Slime:5 |    4975 |   28495 |  85.1 |       8 |       9 |  52.9
      Orc:1 |    1274 |    1051 |  45.2 |      12 |       6 |  33.3
      Orc:2 |    2620 |    3923 |  60.0 |      19 |      33 |  63.5
      Elf:1 |   15616 |    4916 |  23.9 |      26 |       9 |  25.7
      Elf:2 |   14039 |   14279 |  50.4 |      26 |      17 |  39.5
      Elf:3 |   17701 |   55040 |  75.7 |      29 |      39 |  57.4
   Vaults:1 |   18492 |    5275 |  22.2 |      37 |       7 |  15.9
   Vaults:2 |   30800 |   14702 |  32.3 |      58 |      22 |  27.5
   Vaults:3 |   52842 |   53442 |  50.3 |      93 |      54 |  36.7
   Vaults:4 |   11192 |   51568 |  82.2 |      18 |      58 |  76.3
   Vaults:5 |   38399 |  144885 |  79.0 |      53 |      99 |  65.1
    Crypt:1 |   22774 |       0 |   0.0 |      41 |       0 |   0.0
    Crypt:2 |   30269 |     894 |   2.9 |      40 |       1 |   2.4
    Crypt:3 |   39447 |   45514 |  53.6 |      47 |      58 |  55.2
   Depths:1 |   27005 |    5264 |  16.3 |      31 |       7 |  18.4
   Depths:2 |   25909 |   63533 |  71.0 |      31 |      45 |  59.2
   Depths:3 |   55115 |   65349 |  54.2 |      59 |      38 |  39.2
   Depths:4 |   58706 |   37133 |  38.7 |      61 |      49 |  44.5
   Depths:5 |   55166 |   25963 |  32.0 |      47 |      20 |  29.9
      Zot:1 |   36504 |       0 |   0.0 |      25 |       0 |   0.0
      Zot:2 |   21902 |       0 |   0.0 |      12 |       0 |   0.0
      Zot:3 |   11250 |    4399 |  28.1 |       3 |       1 |  25.0
      Zot:4 |   16205 |       0 |   0.0 |       9 |       0 |   0.0
      Zot:5 |   30049 |  190410 |  86.4 |      13 |      44 |  77.2
      Sewer |       0 |     398 | 100.0 |       0 |      54 | 100.0
   Gauntlet |       0 |    2936 | 100.0 |       0 |       9 | 100.0
            +---------+---------+-------+---------+---------+-------
